3L
PHILADELPHIA 1776 BC @ AUSTIN RANGERS
07/27/2024
 
TOP OF THE 1ST
Philadelphia 1776 BC batting - Pitching for Austin Rangers : RHP Juan Valéncia
Pitching: RHP Juan Valéncia
Batting: RHB Jesús Orozco 0-0: Called Strike
0-1: Ball
1-1: Foul Ball, location: 2F
1-2: Ball
2-2: Strikes out swinging
Batting: LHB Héctor Torres 0-0: Foul Ball, location: 2F
0-1: SOLO HOME RUN (Flyball, 89XD), Distance : 409 ft
Batting: LHB Cliff Aldridge 0-0: Swinging Strike
0-1: Ball
1-1: Ball
2-1: Ball
3-1: Called Strike
3-2: Base on Balls
Batting: RHB Patrizio Vanali 0-0: Ball
1-0: Ball
2-0: Ball
3-0: Base on Balls
Cliff Aldridge to second
Batting: RHB Yuji Ine 0-0: Called Strike
0-1: Foul Ball, location: 2F
0-2: 3-RUN HOME RUN (Flyball, 7D), Distance : 394 ft
Batting: RHB António Granados 0-0: Called Strike
0-1: Foul Ball, location: 2F
0-2: Ball
1-2: Ball
2-2: Fly out, F7 (Flyball, 7LM)
Batting: RHB Russell Jackson 0-0: Ball
1-0: Ball
2-0: Swinging Strike
2-1: Ground out 5-3 (Groundball, 5S)
Top of the 1st over - 4 run(s), 2 hit(s), 0 error(s), 0 left on base; Philadelphia 1776 4 - Austin 0
BOTTOM OF THE 1ST
Austin Rangers batting - Pitching for Philadelphia 1776 BC : LHP Luis Torres
Pitching: LHP Luis Torres
Batting: RHB Tony Hernández 0-0: Bunt missed!
0-1: Ground out 1-3 (Groundball, 13S)
Batting: RHB Jeff Green 0-0: Ground out 5-3 (Groundball, 5S)
Batting: LHB Motoshige Kitamura 0-0: Ball
1-0: Foul Ball, location: 2F
1-1: Reached on error, E6 (Groundball, 6M)
Batting: RHB José Muñóz 0-0: SINGLE (Line Drive, 78S)
Motoshige Kitamura to second
Runner from 2nd tries for 3rd, OUT!
Bottom of the 1st over - 0 run(s), 1 hit(s), 1 error(s), 1 left on base; Philadelphia 1776 4 - Austin 0
TOP OF THE 2ND
Philadelphia 1776 BC batting - Pitching for Austin Rangers : RHP Juan Valéncia
Batting: SHB Jesús Cabañe 0-0: Ball
1-0: Ground out 5-3 (Groundball, 6S)
Batting: RHB Dave Morris 0-0: Ball
1-0: Swinging Strike
1-1: DOUBLE (Line Drive, 7D)
Batting: RHB Jesús Orozco 0-0: Ball
1-0: Ball
2-0: Swinging Strike
2-1: Foul Ball, location: 2F
2-2: Strikes out swinging
Batting: LHB Héctor Torres 0-0: Swinging Strike
0-1: Ball
1-1: Ball
2-1: Foul Ball, location: 2F
2-2: Strikes out looking
Top of the 2nd over - 0 run(s), 1 hit(s), 0 error(s), 1 left on base; Philadelphia 1776 4 - Austin 0
BOTTOM OF THE 2ND
Austin Rangers batting - Pitching for Philadelphia 1776 BC : LHP Luis Torres
Batting: SHB Carlos Kramer 0-0: Ball
1-0: Ball
2-0: Called Strike
2-1: Called Strike
2-2: Ball
3-2: Foul Ball, location: 2F
3-2: Base on Balls
Batting: RHB Joaquín Parra 0-0: Ball
1-0: Swinging Strike
1-1: Ball
2-1: Grounds into double play, U4-3 (Groundball, 4M)
Batting: RHB Craig Stewart 0-0: Ball
1-0: Ball
2-0: Ball
3-0: Called Strike
3-1: Foul Ball, location: 2F
3-2: Fly out, F7 (Flyball, 7LM)
Bottom of the 2nd over - 0 run(s), 0 hit(s), 0 error(s), 0 left on base; Philadelphia 1776 4 - Austin 0
TOP OF THE 3RD
Philadelphia 1776 BC batting - Pitching for Austin Rangers : RHP Juan Valéncia
Batting: LHB Cliff Aldridge 0-0: Ball
1-0: Ground out 5-3 (Groundball, 5S)
Batting: RHB Patrizio Vanali 0-0: Called Strike
0-1: Ground out 6-3 (Groundball, 6)
Batting: RHB Yuji Ine 0-0: Called Strike
0-1: Ball
1-1: Ball
2-1: Called Strike
2-2: SOLO HOME RUN (Flyball, 89XD), Distance : 418 ft
Batting: RHB António Granados 0-0: Ball
1-0: Ball
2-0: Called Strike
2-1: Ball
3-1: Swinging Strike
3-2: Foul Ball, location: 2F
3-2: Foul Ball, location: 2F
3-2: Base on Balls
Batting: RHB Russell Jackson 0-0: Swinging Strike
0-1: Ball
1-1: Fly out, F4 (Popup, 4M)
Top of the 3rd over - 1 run(s), 1 hit(s), 0 error(s), 1 left on base; Philadelphia 1776 5 - Austin 0
BOTTOM OF THE 3RD
Austin Rangers batting - Pitching for Philadelphia 1776 BC : LHP Luis Torres
Batting: LHB Yun Yen 0-0: Called Strike
0-1: Ball
1-1: Ground out 4-3 (Groundball, 4)
Batting: RHB Orlando Padilla 0-0: Called Strike
0-1: SINGLE (Line Drive, 56D)
Batting: RHB Tony Hernández 0-0: Ball
1-0: Ball
2-0: Ball
3-0: Base on Balls
Orlando Padilla to second
Batting: RHB Jeff Green 0-0: Ball
1-0: Called Strike
1-1: Ball
2-1: Foul Ball, location: 2F
2-2: Foul Ball, location: 2F
2-2: Foul Ball, location: 2F
2-2: DOUBLE (Line Drive, 7LS)
Orlando Padilla scores
Tony Hernández to third
Batting: LHB Motoshige Kitamura 0-0: Called Strike
0-1: Fly out, F8 (Flyball, 78XD)
Runner from 3rd tags up, SCORES, no throw
Batting: RHB José Muñóz 0-0: Ball
1-0: Ball
2-0: Called Strike
2-1: Ball
3-1: Ground out 5-3 (Groundball, 5)
Bottom of the 3rd over - 2 run(s), 2 hit(s), 0 error(s), 1 left on base; Philadelphia 1776 5 - Austin 2
TOP OF THE 4TH
Philadelphia 1776 BC batting - Pitching for Austin Rangers : RHP Juan Valéncia
Batting: SHB Jesús Cabañe 0-0: Ball
1-0: Ball
2-0: Foul Ball, location: 2F
2-1: Called Strike
2-2: Ball
3-2: Strikes out swinging
Batting: RHB Dave Morris 0-0: Ball
1-0: Ball
2-0: Foul Ball, location: 2F
2-1: Called Strike
2-2: Strikes out swinging
Batting: RHB Jesús Orozco 0-0: Ball
1-0: Ball
2-0: Ball
3-0: Called Strike
3-1: Fly out, F9 (Flyball, 9M)
Top of the 4th over - 0 run(s), 0 hit(s), 0 error(s), 0 left on base; Philadelphia 1776 5 - Austin 2
BOTTOM OF THE 4TH
Austin Rangers batting - Pitching for Philadelphia 1776 BC : LHP Luis Torres
Batting: SHB Carlos Kramer 0-0: Ball
1-0: Foul Ball, location: 2F
1-1: Ball
2-1: Ground out 1-3 (Groundball, 15S)
Batting: RHB Joaquín Parra 0-0: SINGLE (Flyball, 9S)
Batting: RHB Craig Stewart 0-0: Grounds into double play, 4-6-3 (Groundball, 34)
Bottom of the 4th over - 0 run(s), 1 hit(s), 0 error(s), 0 left on base; Philadelphia 1776 5 - Austin 2
TOP OF THE 5TH
Philadelphia 1776 BC batting - Pitching for Austin Rangers : RHP Juan Valéncia
Batting: LHB Héctor Torres 0-0: Ball
1-0: SOLO HOME RUN (Flyball, 89XD), Distance : 434 ft
Pitching: RHP Weston Fisher
Batting: LHB Cliff Aldridge 0-0: Called Strike
0-1: Ball
1-1: Swinging Strike
1-2: Ball
2-2: Ball
3-2: Base on Balls
Batting: RHB Patrizio Vanali 0-0: Ball
1-0: Called Strike
1-1: Foul Ball, location: 2F
1-2: Ball
2-2: Ball
3-2: Base on Balls
Cliff Aldridge to second
Batting: RHB Yuji Ine 0-0: Called Strike
0-1: Ball
1-1: Ball
2-1: Called Strike
2-2: Ball
Wild Pitch!
Cliff Aldridge to third
Patrizio Vanali to second
3-2: Foul Ball, location: 2F
3-2: Base on Balls
Batting: RHB António Granados 0-0: Ball
1-0: Ball
2-0: Ball
3-0: Base on Balls
Cliff Aldridge scores
Patrizio Vanali to third
Yuji Ine to second
Batting: RHB Russell Jackson 0-0: Foul Ball, location: 2F
0-1: Ball
1-1: Foul Ball, location: 2F
1-2: Foul Ball, location: 2F
1-2: GRAND SLAM HOME RUN (Line Drive, 78XD), Distance : 409 ft
Pitching: RHP Angus Barlow
Batting: SHB Jesús Cabañe 0-0: Swinging Strike
0-1: Foul Ball, location: 2F
0-2: Foul Ball, location: 2F
0-2: Foul Ball, location: 2F
0-2: Ball
1-2: Ball
2-2: Strikes out looking
Batting: RHB Dave Morris 0-0: Fly out, F6 (Line Drive, 6)
Batting: RHB Jesús Orozco 0-0: Called Strike
0-1: Foul Ball, location: 2F
0-2: Ground out 6-3 (Groundball, 6)
Top of the 5th over - 6 run(s), 2 hit(s), 0 error(s), 0 left on base; Philadelphia 1776 11 - Austin 2
BOTTOM OF THE 5TH
Austin Rangers batting - Pitching for Philadelphia 1776 BC : LHP Luis Torres
Batting: LHB Yun Yen 0-0: Ball
1-0: Ball
2-0: Foul Ball, location: 2F
2-1: Foul Ball, location: 2F
2-2: Ball
3-2: Base on Balls
Batting: RHB Orlando Padilla 0-0: Ball
1-0: Called Strike
1-1: Swinging Strike
1-2: Foul Ball, location: 2F
1-2: Foul Ball, location: 2F
1-2: Ball
2-2: Ball
3-2: Foul Ball, location: 2F
3-2: Base on Balls
Yun Yen to second
Batting: RHB Tony Hernández 0-0: Foul Ball, location: 2F
0-1: Fly out, F5 (Popup, 56S)
Batting: RHB Jeff Green 0-0: Ball
1-0: Swinging Strike
1-1: Swinging Strike
1-2: Ball
2-2: Foul Ball, location: 2F
2-2: Ball
3-2: Strikes out swinging
Batting: LHB Motoshige Kitamura 0-0: Ball
1-0: Ball
2-0: Ground out 4-3 (Groundball, 4)
Bottom of the 5th over - 0 run(s), 0 hit(s), 0 error(s), 2 left on base; Philadelphia 1776 11 - Austin 2
TOP OF THE 6TH
Philadelphia 1776 BC batting - Pitching for Austin Rangers : RHP Angus Barlow
Batting: LHB Héctor Torres 0-0: Ball
1-0: Ground out 3-1 (Groundball, 34)
Batting: LHB Cliff Aldridge 0-0: Swinging Strike
0-1: Ball
1-1: Foul Ball, location: 2F
1-2: Strikes out swinging
Batting: RHB Patrizio Vanali 0-0: Foul Ball, location: 2F
0-1: Ball
1-1: Ball
2-1: Ball
3-1: Called Strike
3-2: Foul Ball, location: 2F
3-2: TRIPLE (Line Drive, 89M)
Batting: RHB Yuji Ine 0-0: Ball
1-0: Called Strike
1-1: Ball
2-1: Called Strike
2-2: Foul Ball, location: 2F
2-2: Ball
3-2: Base on Balls
Batting: RHB António Granados 0-0: Ball
1-0: Fly out, F8 (Flyball, 8RXD)
Top of the 6th over - 0 run(s), 1 hit(s), 0 error(s), 2 left on base; Philadelphia 1776 11 - Austin 2
BOTTOM OF THE 6TH
Austin Rangers batting - Pitching for Philadelphia 1776 BC : LHP Luis Torres
Batting: RHB José Muñóz 0-0: Ball
1-0: Ball
2-0: Fly out, F8 (Flyball, 8LS)
Batting: SHB Carlos Kramer 0-0: Ball
1-0: DOUBLE (Flyball, 89D)
Batting: RHB Joaquín Parra 0-0: Ball
1-0: Foul Ball, location: 2F
1-1: DOUBLE (Flyball, 8LM)
Carlos Kramer scores
Batting: RHB Craig Stewart 0-0: Called Strike
0-1: Ground out 6-3 (Groundball, 6)
Batting: LHB Yun Yen 0-0: Called Strike
0-1: Ball
1-1: Ball
2-1: Ball
3-1: Ground out 4-3 (Groundball, 4)
Bottom of the 6th over - 1 run(s), 2 hit(s), 0 error(s), 1 left on base; Philadelphia 1776 11 - Austin 3
TOP OF THE 7TH
Philadelphia 1776 BC batting - Pitching for Austin Rangers : RHP Angus Barlow
Batting: RHB Russell Jackson 0-0: Called Strike
0-1: Ball
1-1: Ground out 4-3 (Groundball, 34)
Batting: SHB Jesús Cabañe 0-0: Ball
1-0: Ball
2-0: DOUBLE (Groundball, 3L)
Batting: RHB Dave Morris 0-0: Ball
1-0: Fly out, F3 (Popup, 3S)
Batting: RHB Jesús Orozco 0-0: Ball
1-0: Ground out 6-3 (Groundball, 6M)
Top of the 7th over - 0 run(s), 1 hit(s), 0 error(s), 1 left on base; Philadelphia 1776 11 - Austin 3
BOTTOM OF THE 7TH
Austin Rangers batting - Pitching for Philadelphia 1776 BC : LHP Luis Torres
Batting: RHB Orlando Padilla 0-0: Called Strike
0-1: Ball
1-1: Ball
2-1: Ball
3-1: SINGLE (Flyball, 9LS)
Batting: RHB Tony Hernández 0-0: Ball
1-0: Called Strike
1-1: Ball
2-1: Foul Ball, location: 2F
2-2: Ball
3-2: SINGLE (Line Drive, 56D)
Orlando Padilla to second
Batting: RHB Jeff Green 0-0: Foul Ball, location: 2F
0-1: Ball
1-1: Foul Ball, location: 2F
1-2: Grounds into double play, 6-4-3 (Groundball, 6)
Orlando Padilla to third
Batting: LHB Motoshige Kitamura 0-0: Foul Ball, location: 2F
0-1: Called Strike
0-2: Strikes out swinging
Bottom of the 7th over - 0 run(s), 2 hit(s), 0 error(s), 1 left on base; Philadelphia 1776 11 - Austin 3
TOP OF THE 8TH
Philadelphia 1776 BC batting - Pitching for Austin Rangers : RHP Angus Barlow
Batting: LHB Héctor Torres 0-0: Called Strike
0-1: Ball
1-1: Ball
2-1: Swinging Strike
2-2: Ball
3-2: Foul Ball, location: 2F
3-2: Foul Ball, location: 2F
3-2: Base on Balls
Pitching: LHP Josh Cox
Batting: LHB Cliff Aldridge 0-0: Foul Ball, location: 2F
0-1: Swinging Strike
0-2: Ball
1-2: Foul Ball, location: 2F
1-2: Foul Ball, location: 2F
1-2: Foul Ball, location: 2F
1-2: Strikes out swinging
Batting: RHB Patrizio Vanali 0-0: Ball
1-0: Foul Ball, location: 2F
1-1: Ball
2-1: Ball
3-1: Base on Balls
Héctor Torres to second
Batting: RHB Yuji Ine 0-0: Ball
1-0: Ball
2-0: Ball
3-0: Called Strike
3-1: Base on Balls
Héctor Torres to third
Patrizio Vanali to second
Batting: RHB António Granados 0-0: Called Strike
0-1: Ball
1-1: Foul Ball, location: 2F
1-2: Foul Ball, location: 2F
1-2: Foul Ball, location: 2F
1-2: Ball
2-2: Foul Ball, location: 2F
2-2: SINGLE (Line Drive, 56D)
Héctor Torres scores
Patrizio Vanali to third
Yuji Ine to second
Runner from 3rd tries for Home, SAFE, throw made at trailing runner, OUT at third!
Batting: RHB Russell Jackson 0-0: Called Strike
0-1: Called Strike
0-2: 2-RUN HOME RUN (Flyball, 8LXD), Distance : 428 ft
Batting: SHB Jesús Cabañe 0-0: Swinging Strike
0-1: Called Strike
0-2: Ball
1-2: Ground out 6-3 (Groundball, 6M)
Top of the 8th over - 4 run(s), 2 hit(s), 0 error(s), 0 left on base; Philadelphia 1776 15 - Austin 3
BOTTOM OF THE 8TH
Austin Rangers batting - Pitching for Philadelphia 1776 BC : LHP Luis Torres
Batting: RHB José Muñóz 0-0: Foul Ball, location: 2F
0-1: Foul Ball, location: 2F
0-2: Ball
1-2: Strikes out swinging
Pitching: LHP José Sandoval
Batting: SHB Carlos Kramer 0-0: Foul Ball, location: 2F
0-1: Ball
1-1: Ball
2-1: Foul Ball, location: 2F
2-2: Strikes out swinging
Batting: RHB Joaquín Parra 0-0: Swinging Strike
0-1: Fly out, F9 (Flyball, 9LS)
Bottom of the 8th over - 0 run(s), 0 hit(s), 0 error(s), 0 left on base; Philadelphia 1776 15 - Austin 3
TOP OF THE 9TH
Philadelphia 1776 BC batting - Pitching for Austin Rangers : LHP Josh Cox
Batting: RHB Dave Morris 0-0: Ball
1-0: Ball
2-0: Ground out 5-3 (Groundball, 56S)
Batting: RHB Jesús Orozco 0-0: Fly out, F7 (Flyball, 78D)
Batting: LHB Héctor Torres 0-0: Ball
1-0: Called Strike
1-1: Foul Ball, location: 2F
1-2: Ball
2-2: Ball
3-2: Foul Ball, location: 2F
3-2: Base on Balls
Batting: LHB Cliff Aldridge 0-0: Foul Ball, location: 2F
0-1: Foul Ball, location: 2F
0-2: Ball
1-2: Foul Ball, location: 2F
1-2: Ball
2-2: Foul Ball, location: 2F
2-2: Foul Ball, location: 2F
2-2: Fly out, F6 (Popup, 6M)
Top of the 9th over - 0 run(s), 0 hit(s), 0 error(s), 1 left on base; Philadelphia 1776 15 - Austin 3
BOTTOM OF THE 9TH
Austin Rangers batting - Pitching for Philadelphia 1776 BC : LHP José Sandoval
Batting: RHB Craig Stewart 0-0: Called Strike
0-1: Swinging Strike
0-2: Ball
1-2: Ball
2-2: Fly out, F8 (Flyball, 8LS)
Batting: LHB Yun Yen 0-0: Ball
1-0: Ball
2-0: Called Strike
2-1: Fly out, F4 (Line Drive, 4)
Batting: RHB Orlando Padilla 0-0: Called Strike
0-1: Foul Ball, location: 2F
0-2: Foul Ball, location: 2F
0-2: Foul Ball, location: 2F
0-2: Foul Ball, location: 2F
0-2: Ball
1-2: Strikes out swinging
Bottom of the 9th over - 0 run(s), 0 hit(s), 0 error(s), 0 left on base; Philadelphia 1776 15 - Austin 3
This league is powered by Out of the Park Baseball, the baseball management simulation game for PC, Mac and Linux
Monday, October 3rd, 2016 - OOTP Baseball 16.9 Build 39